 Dungeon Crawl Stone Soup version 0.28.0-47-ge53b351184 (webtiles) character file.

Game seed: 3762469697531516106

2041 hawla the Thaumaturge (level 9, 0/45 HPs)
             Began as a Deep Elf Earth Elementalist on Apr 29, 2022.
             Slain by a yak (20 damage)
             ... on level 5 of the Dungeon on May 1, 2022.
             The game lasted 00:24:47 (6356 turns).

hawla the Thaumaturge (Deep Elf Earth Elementalist) Turns: 6356, Time: 00:24:48

Health: 0/45       AC:  9    Str:  5    XL:     9   Next: 4%
Magic:  18/33      EV: 13    Int: 25    God:
Gold:   312        SH:  0    Dex: 15    Spells: 21/27 levels left

rFire   + + .      SeeInvis .   q - +3 quarterstaff (chaos)
rCold   . . .      Faith    .   (shield currently unavailable)
rNeg    . . .      Spirit   .   l - +2 robe of Hyetuyro {rF+ Slay+5}
rPois   .          Reflect  .   s - +0 helmet
rElec   .          Harm     .   r - +2 cloak {rCorr}
rCorr   +          Rampage  .   (no gloves)
Will    .....                   y - +0 pair of boots
Stlth   +++.......              i - amulet of the acrobat
HPRegen 0.15/turn               j - ring of magical power
MPRegen 0.23/turn               d - ring of protection from fire

@: no status effects
A: no striking features
a: no special abilities


You were on level 5 of the Dungeon.
You visited 1 branch of the dungeon, and saw 5 of its levels.

You collected 312 gold pieces.

Inventory:

Hand Weapons
 k - a +0 dagger of electrocution
 q - a +3 quarterstaff of chaos (weapon)
 B - the +11 flail of Supply {flame, Fragile Fly Dex-2 Stlth+}
   (You found it on level 4 of the Dungeon)

   It burns those it strikes, dealing additional fire damage.
   Dex:       It affects your dexterity (-2).
   Fly:       It grants you flight.
   Fragile:   It will be destroyed if unequipped.
   Stlth:     It makes you more stealthy.
Missiles
 c - 42 stones
Armour
 l - the +2 robe of Hyetuyro (worn) {rF+ Slay+5}
   (You found it on level 2 of the Dungeon)

   Slay:      It affects your accuracy & damage with ranged weapons and melee
   (+5).
   rF:        It protects you from fire.
 r - a +2 cloak of preservation (worn)
 s - a +0 helmet (worn)
 x - a +2 robe of cold resistance
 y - a +0 pair of boots (worn)
Jewellery
 d - a ring of protection from fire (right hand)
 i - an amulet of the acrobat (around neck)
 j - a ring of magical power (left hand)
 u - a ring of ice
 A - an amulet of faith
Wands
 p - a wand of digging (6)
 z - a wand of flame (16)
Scrolls
 a - 2 scrolls of teleportation
 b - a scroll of holy word {unknown}
 e - a scroll of magic mapping
 g - a scroll of summoning {unknown}
 m - a scroll of fog {unknown}
 w - a scroll of enchant armour {unknown}
Potions
 f - 2 potions of flight
 h - a potion of resistance
 o - 2 potions of heal wounds {unknown}
 t - 2 potions of curing
 v - 2 potions of invisibility {unknown}


   Skills:
 + Level 0.2 Fighting
 + Level 0.3 Staves
 + Level 3.5 Dodging
 + Level 4.4 Stealth
 + Level 9.9 Spellcasting
 + Level 4.8 Conjurations
 + Level 1.1 Transmutations
 + Level 8.5 Earth Magic
 + Level 0.8 Evocations


You had 21 spell levels left.
You knew the following spells:

 Your Spells              Type           Power      Damage    Failure   Level
a - Sandblast             Erth           100%       2d20      1%          1
b - Stone Arrow           Conj/Erth      90%        3d12      1%          3
c - Passwall              Tmut/Erth      30%        N/A       1%          2

Your spell library contained the following spells:

 Spells                   Type           Power      Damage    Failure   Level
 Petrify                  Tmut/Erth      36%        N/A       7%          4


Dungeon Overview and Level Annotations

Branches:
Dungeon (5/15)
 Temple: D:4-7

Altars:
Makhleb
Uskayaw
Wu Jian
Xom


Message History

The stone arrow hits the yak!
The yak is almost dead.
The yak completely misses you.
Casting: Stone Arrow (safe; 1% risk of failure)
Confirm with . or Enter, or press ? or * to list all spells.
You don't know that spell.
The yak snorts and paws the ground.
Casting: Stone Arrow (safe; 1% risk of failure)
Confirm with . or Enter, or press ? or * to list all spells.
Aiming: Stone Arrow (safe; 1% risk of failure)
Press: ? - help, Shift-Dir - straight line, f/p - yak
Aim: a yak (almost dead, 85% to hit)
The stone arrow hits the yak!!
You kill the yak!
The yak gores you!
You have reached level 9!
Your experience leads to an increase in your attributes!
Increase (S)trength, (I)ntelligence, or (D)exterity?
You feel clever. x2
Casting: Stone Arrow (safe; 1% risk of failure)
Confirm with . or Enter, or press ? or * to list all spells.
Aiming: Stone Arrow (safe; 1% risk of failure)
Press: ? - help, Shift-Dir - straight line, f - yak
Aim: a yak (85% to hit)
The stone arrow hits the yak.
The yak is lightly wounded.
The yak barely misses you.
You hit the yak but do no damage.
The yak is lightly wounded.
The yak gores you but does no damage. The yak misses you.
You sock the yak!
The yak is heavily wounded.
The yak closely misses you. The yak misses you. The yak barely misses you.
You thump the yak!
The yak is severely wounded.
The yak gores you. The yak misses you. The yak gores you.
You sock the yak!
The yak goes berserk!
The yak is almost dead.
The yak barely misses you. The yak gores you! The yak gores you!!
You die...

#######.#####..# #..
##.......# #.# ##.#
##........## #.###..#
#..........# #.##..##
#..........# #.##.#..
#..........# #....).#
#..........# #.......
#..........######....##
#....@Y..$............
#.....Y..#############
#..........#
#..........#
#.........!#
#..........#
#..........#
##..!.....##


You could see 2 yaks.

Vanquished Creatures
  Sigmund (D:2)
  4 yaks (D:5)
  2 black bears (D:4)
  An ice beast (D:5)
  A necrophage (D:5)
  A sky beast (D:5)
  2 ogres
  A scorpion (D:4)
  A water moccasin skeleton (D:5)
  A centaur zombie (D:5)
  Crazy Yiuf (D:2)
  A centaur skeleton (D:4)
  An orc priest (D:3)
  2 hounds (D:5)
  3 iguanas
  Jessica (D:3)
  An orc wizard (D:3)
  Natasha (thrice) (D:2)
  Robin (D:2)
  5 adders
  3 gnolls (D:2)
  A white imp (D:3)
  An adder skeleton (D:4)
  A worm (D:3)
  6 dart slugs
  2 orcs (D:3)
  7 ball pythons
  13 endoplasms
  4 giant cockroaches
  15 goblins
  8 hobgoblins
  3 jackals (D:2)
  5 quokkas
  2 bats
  5 frilled lizards
  11 kobolds
  7 rats
128 creatures vanquished.

Notes
Turn   | Place    | Note
-------+----------+-------------------------------------------
     0 | D:1      | hawla the Deep Elf Earth Elementalist began the quest for
                  | the Orb.
     0 | D:1      | Reached XP level 1. HP: 10/10 MP: 6/6
   225 | D:1      | Reached XP level 2. HP: 15/15 MP: 2/8
   755 | D:1      | You fall into a shaft and drop 1 floor!
   767 | D:2      | Reached XP level 3. HP: 19/19 MP: 6/10
   795 | D:2      | Noticed Robin
   831 | D:2      | Killed Robin
   836 | D:2      | Learned a level 3 spell: Stone Arrow
  1228 | D:2      | Noticed Sigmund
  1289 | D:1      | Found Epli's General Store.
  1766 | D:2      | Identified the +2 robe of Hyetuyro {rF+ Slay+5}
  1875 | D:2      | Killed Sigmund
  1876 | D:2      | Reached skill level 5 in Spellcasting
  1876 | D:2      | Reached skill level 5 in Earth Magic
  1876 | D:2      | Reached XP level 4. HP: 24/24 MP: 4/13
  1876 | D:2      | Reached XP level 5. HP: 28/28 MP: 4/14
  1879 | D:2      | Learned a level 2 spell: Passwall
  2158 | D:2      | Noticed Natasha
  2161 | D:2      | Killed Natasha
  2162 | D:2      | Reached skill level 1 in Conjurations
  2162 | D:2      | Reached XP level 6. HP: 23/32 MP: 15/16
  2176 | D:2      | Noticed Natasha
  2397 | D:2      | Killed Natasha
  2495 | D:2      | Found a runed translucent door.
  2496 | D:2      | Noticed Crazy Yiuf
  2738 | D:2      | Found a faded altar of an unknown god.
  2794 | D:2      | Killed Crazy Yiuf
  2871 | D:2      | Noticed Natasha
  2875 | D:2      | Killed Natasha
  3031 | D:3      | Reached skill level 6 in Spellcasting
  3035 | D:3      | Noticed Jessica
  3039 | D:3      | Killed Jessica
  3482 | D:3      | Reached XP level 7. HP: 36/36 MP: 18/18
  3528 | D:3      | Found a burning altar of Makhleb.
  4240 | D:4      | Reached skill level 7 in Spellcasting
  4248 | D:4      | Found a hide-covered altar of Uskayaw.
  4358 | D:4      | Found an ornate altar of the Wu Jian Council.
  4553 | D:4      | Found a radiant altar of Vehumet.
  4556 | D:4      | Found a hide-covered altar of Uskayaw.
  4556 | D:4      | Found a shimmering altar of Xom.
  4559 | D:4      | Found a hide-covered altar of Uskayaw.
  4559 | D:4      | Found a glowing golden altar of the Shining One.
  4559 | D:4      | Found an ancient bone altar of Kikubaaqudgha.
  5190 | D:4      | Identified the +11 flail of Supply {flame, Fragile Fly
                  | Dex-2 Stlth+}
  5226 | D:5      | Entered Level 5 of the Dungeon
  5295 | D:5      | Reached XP level 8. HP: 41/41 MP: 21/21
  5341 | D:5      | Reached skill level 8 in Spellcasting
  5643 | D:5      | Reached skill level 9 in Spellcasting
  6352 | D:5      | Reached XP level 9. HP: 32/45 MP: 19/24
  6356 | D:5      | Slain by a yak

Illustrated notes

Levels and vault maps discovered:
D:1:      erik_arrival_triangle_small, layout_loops_ring, serial_shops,
          nicolae_shop_competitors_out_of_business, minmay_quantized
D:2:      minmay_skewed_foursquare, layout_rooms, nicolae_ecumenical_oubliette,
          amcnicky_mini_corridor_feature, uniq_robin, uniq_natasha,
          uniq_crazy_yiuf_cottage, uniq_sigmund
D:3:      layout_basic, bloody_makhleb, minmay_hedge_maze,
          kennysheep_generic_room_7, uniq_jessica
D:4:      layout_loops_ring, doesnt_xom_only_xom,
          mainiacjoe_overflow_catch_the_wave, nicolae_underground_beach
D:5:      layout_rooms

Skill      XL: |  1  2  3  4  5  6  7  8 |
---------------+-------------------------+-----
Earth Magic    | 4 5 6 7 8 |  8.5
Spellcasting   | 5 6 7 9 |  9.9
Conjurations   | 1 2 4 |  4.8
Stealth        | 3 4 |  4.4
Dodging        | 3 |  3.5
Fighting       | |  0.2
Staves         | |  0.3
Transmutations | |  1.1
Evocations     | |  0.8

Action                   |  1- 3 |  4- 6 |  7- 9 || total
-------------------------+-------+-------+-------++-------
Melee: Quarterstaff      |       |     4 |     9 ||    13
 Cast: Sandblast         |    49 |    26 |     9 ||    84
       Stone Arrow       |     9 |    31 |    73 ||   113
Evoke: Wand              |       |       |     3 ||     3
  Use: Scroll            |       |       |     8 ||     8
       Potion            |       |       |     1 ||     1
 Stab: Distracted        |       |       |     1 ||     1
Armor: Robe              |     1 |       |    11 ||    12
Dodge: Dodged            |     8 |     5 |    24 ||    37
